 Dungeon Crawl Stone Soup version 0.26-a0-752-gcff87cac9a (webtiles) character file.

Game seed: 15955592250055300426

45 Queen the Poker (level 3, 0/45 HPs)
             Began as a Merfolk Monk on Nov 6, 2020.
             Slain by an adder (3 damage)
             ... on level 1 of the Dungeon.
             The game lasted 00:03:32 (1750 turns).

Queen the Poker (Merfolk Monk)                      Turns: 1750, Time: 00:03:33

Health: 0/45       AC: 21    Str: 11 (12) XL:     3   Next: 64%
Magic:  3/3        EV:  2    Int:  6 (9)  God:
Gold:   103        SH:  0    Dex: 13 (16) Spells: 2/2 levels left

rFire    . . .     SeeInvis .   a - +0 spear
rCold    . . .     Faith    .   (no shield)
rNeg     + + +     Spirit   .   (armour currently unavailable)
rPois    +         Reflect  .   (helmet currently unavailable)
rElec    .         Harm     .   (cloak currently unavailable)
rCorr    .         Rampage  .   (gloves currently unavailable)
MR       .....     NoTele   +   (boots currently unavailable)
Stlth    ++........             (no amulet)
HPRegen  0.15/turn              (no ring)
MPRegen  0.08/turn              (no ring)

@: lethally poisoned (0 -> -1), tree-form, attractive, hasted, very quick
A: (change form in water), (swift swim), (stealthy swim)
a: no special abilities


You were on level 1 of the Dungeon.
You were a tree.
You visited 1 branch of the dungeon, and saw 2 of its levels.

You collected 103 gold pieces.

Inventory:

Hand Weapons
 a - a +0 spear (weapon)
Armour
 b - a +0 robe (melded)
 k - a +1 hat (melded)
Scrolls
 f - a scroll of blinking {unknown}
 g - a scroll of identify {@r1}
Potions
 h - a potion of haste


   Skills:
 + Level 3.7 Fighting
 * Level 5.3 Polearms
 + Level 4.4 Dodging
 + Level 2.8 Stealth


You had 2 spell levels left.
You didn't know any spells.
Your spell library was empty.

Dungeon Overview and Level Annotations

Branches:
Dungeon (2/15)

Altars:

Annotations:
D:2 Terence


Message History

It was a potion of lignification.
You turn into a tree.
Your +1 hat melds into your body.
Your +0 robe melds into your body.
Your roots penetrate the ground.
The adder bites you but does no damage.
It was a potion of flight.
Your roots keep you in place.
The adder bites you but does no damage.
It was a potion of attraction.
You feel attractive to monsters.
You feel sick.
The adder bites you but does no damage. x2
It was a potion of haste.
You feel yourself speed up. The adder bites you but does no damage.
It was a potion of degeneration.
There was something very wrong with that liquid.
You feel weakened.
You feel dopey.
You feel clumsy. The adder bites you but does no damage.
You hit the adder.
The adder is lightly wounded.
You closely miss the adder.
The adder is lightly wounded.
The adder bites you.
You die...

################ #.......).##...#
#.#######.##...###############
#.# #####.##...........#.....#
#.# #.............####.#.###.###
#.###.###.......................
#..........^.......###.#.#.#.#.#
#####.######...♣.......#.....#.#
#####.#### #..S#.#####.###.###.#
#........# #...#.# #.# #.....#
##.###.##.# #####.# #.# #.###.#
.#.# #....# ##+## #.###......
.#.# #....# ##...## #.##.......
.#.####...# ##.....###.........#
.#........# ##.......#####..###.#
.#####...####.........####...##.#


You could see an adder.

Vanquished Creatures
  A worm (D:2)
  2 dart slugs
  5 giant cockroaches (D:1)
  5 goblins
  2 hobgoblins (D:1)
  2 jackals (D:2)
  5 bats
  A frilled lizard (D:1)
  3 kobolds
  10 rats (D:1)
36 creatures vanquished.

Notes
Turn   | Place    | Note
-------+----------+-------------------------------------------
     0 | D:1      | Queen the Merfolk Monk began the quest for the Orb.
     0 | D:1      | Reached XP level 1. HP: 18/18 MP: 1/1
   165 | D:1      | Reached XP level 2. HP: 24/24 MP: 2/2
   402 | D:1      | Reached skill level 5 in Polearms
   591 | D:1      | Reached XP level 3. HP: 24/29 MP: 3/3
  1691 | D:2      | Noticed Terence
  1750 | D:1      | Slain by an adder

Illustrated notes

Levels and vault maps discovered:
D:1:      wander_arrival_lonely_grave, layout_loops_corners,
          minmay_rat_gold_closets
D:2:      layout_basic, uniq_jessica, uniq_sigmund, uniq_robin, uniq_terence

Skill      XL: |  1  2 |
---------------+-------+-----
Polearms       | 5 |  5.3
Fighting       | |  3.7
Dodging        | |  4.4
Stealth        | |  2.8

Action                   || total
-------------------------++-------
Melee: Spear             ||   153
  Use: Potion            ||     5
       Scroll            ||     4
 Stab: Sleeping          ||    21
Armor: Robe              ||    14
       Skin              ||     6
Dodge: Dodged            ||    65

Table legend: (Time is in decaauts)
 A = Elapsed time spent in this place.
 B = Non-inter-level travel time spent in this place.
 C = Inter-level travel time spent in this place.
 D = Time resting spent in this place.
 E = Time spent auto-exploring this place.
 F = Levels seen in this place.
 G = Mean time per level.
                   A        B        C        D        E       F      G
               +--------+--------+--------+--------+--------+-----+--------+
         Total |   1726 |   1671 |     55 |      0 |   1365 |   2 |  863.0 |
       Dungeon |   1726 |   1671 |     55 |      0 |   1365 |   2 |  863.0 |
               +--------+--------+--------+--------+--------+-----+--------+

Top non-repeatable levels by time:
     D:1: 1162 daAuts
     D:2: 563 daAuts
